 Dungeon Crawl Stone Soup version 0.30-b1-2-g02819fbbbe (webtiles) character file.

Game seed: 6071519015187901154

109 Demmmu the Chopper (level 4, -1/41 HPs)
             Began as a Minotaur Berserker on June 28, 2023.
             Was a Believer of Trog.
             Slain by an iguana (9 damage)
             ... on level 3 of the Dungeon.
             The game lasted 00:15:38 (1730 turns).

Demmmu the Chopper (Minotaur Berserker)             Turns: 1730, Time: 00:15:39

Health: -1/41      AC: 10    Str: 24    XL:     4   Next: 60%
Magic:  3/3        EV:  9    Int:  4    God:    Trog [**....]
Gold:   93         SH:  0    Dex:  9    Spells: 3/3 levels left

rFire   . . .        a - +0 hand axe
rCold   + . .        (no shield)
rNeg    . . .        f - +0 chain mail
rPois   .            (helmet restricted)
rElec   .            (no cloak)
rCorr   .            (no gloves)
SInv    .            k - +0 pair of boots
Will    .....        (no amulet) Stlth
                     c - ring of protection from cold
HPRegen 0.26/turn    (no ring)
MPRegen 0.08/turn

%: no passive effects
@: no status effects
A: horns 2, retaliatory headbutt
a: Renounce Religion, Berserk, Trog's Hand


You were on level 3 of the Dungeon.
You worshipped Trog.
Trog was pleased with you.
You visited 1 branch of the dungeon, and saw 3 of its levels.

You collected 93 gold pieces.

Inventory:

Hand Weapons
 a - a +0 hand axe (weapon)
 m - a +0 club
Missiles
 i - a throwing net (quivered)
 j - 43 stones
Armour
 b - a +0 animal skin
 f - a +0 chain mail (worn)
 k - a +0 pair of boots (worn)
Jewellery
 c - a ring of protection from cold (left hand)
Scrolls
 e - a scroll of poison {unknown}
 l - a scroll of noise {unknown}
 n - 4 scrolls of identify {unknown}
Potions
 d - 2 potions of curing {unknown}
 g - 3 potions of degeneration {unknown}
 h - a potion of lignification {unknown}
 o - a potion of mutation {unknown}


   Skills:
 + Level 4.5 Fighting
 + Level 5.3 Axes
 + Level 3.2 Armour
 + Level 2.4 Dodging


You had 3 spell levels left.
You didn't know any spells.
Your spell library was empty.

Dungeon Overview and Level Annotations

Branches:
Dungeon (3/15)

Altars:


Innate Abilities, Weirdness & Mutations

You have a pair of horns on your head.
You reflexively headbutt those who attack you in melee.


Message History

You hit the quokka but do no damage.
The quokka is heavily wounded.
You closely miss the iguana. The iguana bites you!
The quokka closely misses you. The iguana closely misses you.
You are too injured to fight recklessly!
You are too injured to fight recklessly!
The quokka closely misses you. The iguana attacks as you move away!
The iguana bites you but does no damage.
The quokka attacks as you move away! The quokka closely misses you.
The quokka closely misses you. The quokka attacks as you move away!
The quokka bites you. The quokka attacks as you move away!
The quokka barely misses you. You furiously retaliate!
You headbutt the quokka!
You kill the quokka!
Trog accepts your kill.
You are too injured to fight recklessly!
You are too injured to fight recklessly!
You are too injured to fight recklessly!
You are too injured to fight recklessly!
You are too injured to fight recklessly!
The iguana bites you.
You closely miss the iguana.
The iguana is moderately wounded.
The iguana barely misses you. You furiously retaliate!
You headbutt the iguana, but do no damage.
You hit the iguana.
The iguana is moderately wounded.
The iguana bites you but does no damage.
You hit the iguana but do no damage.
The iguana is moderately wounded.
The iguana barely misses you.
You barely miss the iguana.
The iguana is moderately wounded.
The iguana bites you!
* * * LOW HITPOINT WARNING * * *
You closely miss the iguana. Your headbutt misses the iguana.
The iguana is moderately wounded.
The iguana bites you!
You die...

#.## . #..# [.# ..#
#.$.####.#
#......#### #......#
######.#
#.###################
#.†l@................
#.###################
#.# #.# #.# #.# #.#
#.# #.#


You could see an iguana.

Vanquished Creatures
  Terence (D:2)
  Robin (D:2)
  2 worms
  4 dart slugs
  3 giant cockroaches
  10 goblins
  9 hobgoblins
  4 kobolds
  6 quokkas
  5 ball pythons
  3 bats
  4 rats
52 creatures vanquished.

Notes
Turn   | Place    | Note
-------+----------+-------------------------------------------
     0 | D:1      | Demmmu the Minotaur Berserker began the quest for the Orb.
     0 | D:1      | Reached XP level 1. HP: 19/19 MP: 0/0
   228 | D:1      | Reached XP level 2. HP: 27/27 MP: 1/1
   327 | D:1      | Reached skill level 4 in Axes
   901 | D:2      | Noticed Terence
   904 | D:2      | Noticed Robin
   914 | D:2      | Reached XP level 3. HP: 32/33 MP: 2/2
   926 | D:2      | Killed Terence
   930 | D:2      | Reached ** piety under Trog
   945 | D:2      | Reached XP level 4. HP: 21/41 MP: 3/3
   948 | D:2      | Killed Robin
   949 | D:2      | Reached skill level 5 in Axes
  1178 | D:2      | Found a faded altar of an unknown god.
  1730 | D:3      | Slain by an iguana

Illustrated notes

Levels and vault maps discovered:
D:1:      dpeg_arrival_chambers_temple_mockup, layout_loops_ring
D:2:      layout_basic, chequers_ecumenical_altar_simple_redux, uniq_robin,
          uniq_terence
D:3:      minmay_evil_eye, layout_basic

Skill      XL: |  1  2  3  4 |
---------------+-------------+-----
Fighting       | 4 |  4.5
Axes           | 4 5 |  5.3
Armour         | 3 |  3.2
Dodging        | |  2.4

Action                     |  1- 3 |  4- 6 || total
---------------------------+-------+-------++-------
  Melee: Hand axe          |    76 |    54 ||   130
         Headbutt          |    10 |     8 ||    18
         Punch             |     1 |       ||     1
 Invoke: Berserk           |     1 |       ||     1
    Use: Scroll            |       |     1 ||     1
 Armour: Chain mail        |    47 |    22 ||    69
  Dodge: Dodged            |    37 |    35 ||    72
